 Dungeon Crawl Stone Soup version 0.29.1-2-gbd0b4ee654 (webtiles) character file.

Game seed: 308402623326772120

7263 Ivernyr the Transmogrifier (level 11, -8/75 HPs)
             Began as an Octopode Transmuter on Oct 30, 2022.
             Was an Initiate of Cheibriados.
             Mangled by a troll (18 damage)
             ... on level 9 of the Dungeon.
             The game lasted 00:30:51 (11768 turns).

Ivernyr the Transmogrifier (Octopode Transmuter)   Turns: 11768, Time: 00:30:52

Health: -8/75      AC:  1    Str: 12    XL:     11   Next: 12%
Magic:  10/22      EV: 21    Int: 26    God:    Cheibriados [......]
Gold:   542        SH:  0    Dex: 13    Spells: 9/25 levels left

rFire   x . .      SeeInvis .     - Unarmed
rCold   + + .      Faith    .   (no shield)
rNeg    + . .      Spirit   .   (helmet currently unavailable)
rPois   .          Reflect  .   l - amulet of the acrobat
rElec   .          Harm     .   h - +4 ring of evasion
rCorr   .          Rampage  .   c - ring of positive energy
Will    .....                   j - ring of protection from cold
Stlth   ++........              r - +6 ring of intelligence
HPRegen 0.22/turn               A - +4 ring of evasion
MPRegen 0.18/turn               y - ring of ice
                                (no ring)
                                (no ring)

@: appendages, wereblooded, freezing walls, very slightly contaminated, studying
Shields, very slow
A: tentacle spike 3, almost no armour, amphibious, 8 rings, camouflage 1,
gelatinous body 1, (nimble swimmer 1), tentacles
a: End Transformation, Renounce Religion


You were on level 9 of the Dungeon.
You worshipped Cheibriados.
Cheibriados was noncommittal.
One of your tentacles had grown a beastly spike.
You visited 2 branches of the dungeon, and saw 10 of its levels.
You also visited: Sewer and Ossuary.

You collected 542 gold pieces.

Inventory:

Jewellery
 b - a ring of flight
 c - a ring of positive energy (right tentacle)
 d - an amulet of magic regeneration
 h - a +4 ring of evasion (left tentacle)
 j - a ring of protection from cold (on tentacle)
 l - an amulet of the acrobat (around mantle)
 r - a +6 ring of intelligence (on tentacle)
 y - a ring of ice (on tentacle)
 A - a +4 ring of evasion (on tentacle)
Wands
 o - a wand of digging (1)
 H - a wand of light (4)
 I - a wand of polymorph (5)
 J - a wand of paralysis (7)
Scrolls
 e - 9 scrolls of teleportation
 g - 2 scrolls of magic mapping
 m - 2 scrolls of blinking
 n - a scroll of enchant armour
 p - 2 scrolls of fear
 u - 3 scrolls of identify
 x - 2 scrolls of enchant weapon
 C - 2 scrolls of immolation {unknown}
 F - a scroll of amnesia {unknown}
 G - a scroll of silence {unknown}
Potions
 a - a potion of lignification
 f - 10 potions of heal wounds
 i - 2 potions of attraction {unknown}
 k - 6 potions of curing
 q - a potion of might {unknown}
 s - 2 potions of mutation {unknown}
 t - a potion of resistance {unknown}
 v - 2 potions of brilliance {unknown}
 w - a potion of invisibility {unknown}
 z - 2 potions of magic {unknown}
 B - 2 potions of berserk rage {unknown}
 D - 4 potions of flight {unknown}
 E - a potion of haste {unknown}


   Skills:
 + Level 7.5 Fighting
 - Level 2.0 Dodging
 + Level 8.1 Unarmed Combat
 + Level 7.7 Spellcasting
 - Level 10.2 Transmutations
 + Level 2.0 Ice Magic
 + Level 0.7 Invocations


You had 9 spell levels left.
You knew the following spells:

 Your Spells              Type           Power      Damage    Failure   Level
a - Beastly Appendage     Tmut           100%       N/A       1%          1
b - Wereblood             Tmut           58%        N/A       1%          2
c - Spider Form           Tmut/Pois      36%        N/A       2%          3
d - Ice Form              Ice/Tmut       58%        N/A       4%          4
e - Ozocubu's Armour      Ice            31%        N/A       8%          3
f - Frozen Ramparts       Ice            62%        1d10      8%          3

Your spell library contained the following spells:

 Spells                   Type           Power      Damage    Failure   Level
 Freeze                   Ice            100%       1d11      2%          1
 Hailstorm                Conj/Ice       23%        3d7       36%         4
 Ozocubu's Refrigeration  Ice            15%        4d10      100%        7


Dungeon Overview and Level Annotations

Branches:
Dungeon (9/15)             Temple (1/1) D:7           Sewer (visited)
Ossuary (visited)
   Lair: D:8-11         Orc: D:9-12

Altars:
Ashenzari
Cheibriados
Elyvilon
Fedhas
Gozag
Hepliaklqana
Kikubaaqudgha
Makhleb
Nemelex Xobeh
Okawaru
Qazlal
Sif Muna
Trog
Uskayaw
Vehumet
Wu Jian
Xom
Zin


Innate Abilities, Weirdness & Mutations

One of your tentacles has grown a beastly spike.
You cannot wear most types of armour.
You are amphibious.
You can wear up to eight rings at the same time.
Your skin changes colour to match your surroundings (Stealth+).
Your rubbery body absorbs attacks. (AC +1, EV +1)
((You are camouflaged when in or above water. (Stealth+)))
You have tentacles for arms and can constrict up to eight enemies at once.


Message History

Confirm with . or Enter, or press ? or * to list all spells.
One of your tentacles grows a vicious spike.
The troll completely misses you. The troll claws you.
The troll barely misses you.
A howler monkey comes into view.
Casting: Beastly Appendage (safe; 1% risk of failure)
Confirm with . or Enter, or press ? or * to list all spells.
You feel a surge of power!
You miscast Ice Form.
You are very lightly contaminated with residual magic.
Nothing appears to happen.
The troll misses you. The troll closely misses you. The troll claws you.
You tentacle-slap the troll.
You pierce the troll.
Your tentacle-slap misses the troll.
You squeeze the troll.
The troll is moderately wounded.
The howler monkey hoots and howls with incredible vigour!
The troll bites you! The troll claws you. x2
You hear a shout! x5
You closely miss the troll.
The troll is lightly wounded.
The troll bites you! The troll barely misses you.
The troll completely misses you.
Casting: Ice Form (dangerous; 4% risk of failure)
Confirm with . or Enter, or press ? or * to list all spells.
You feel a surge of power!
You miscast Ice Form.
Your tentacles feel numb with cold.
You resist. The troll closely misses you. The troll claws you. x2
Casting: Ice Form (dangerous; 4% risk of failure)
Confirm with . or Enter, or press ? or * to list all spells.
Casting: Frozen Ramparts (dangerous; 8% risk of failure)
Press: ? - help, Dir - look around, f - activate You feel a surge of power!
The walls around you are covered in ice.
The wall freezes the troll.
The troll bites you.
* * * LOW HITPOINT WARNING * * *
The troll closely misses you. The troll claws you!
* * * LOW HITPOINT WARNING * * *
As you read the scroll of fear, it crumbles to dust.
You assume a fearsome visage.
The troll easily resists.
The wall freezes the troll.
The troll bites you!!
You die...

#8... ### #... #.#### #8..
#....# ##> #.##.# ###
#.##.########## #. o
#.##..........###. ..
#.##............## ...##
#@##............##
.....#####T##............##
.........h.##..............
...........##.###########.#
...........##.......(†.#..#
..!.......############.#.##
.........[# #......#...##
..........# #.#..........
........... #.#.#......##


You could see a troll and a howler monkey.

Vanquished Creatures
  2 two-headed ogres (D:7)
  Erica (D:8)
  Pikel (D:5)
  A gargoyle (D:7)
  A troll (D:9)
  Eustachio (D:5)
  A wyvern (D:7)
  Menkaure (D:7)
  A steam dragon (D:7)
  Duvessa (D:6)
  2 ice beasts
  4 black bears
  An orc warrior (D:7)
  2 sky beasts
  3 ogres
  3 centaurs (D:6)
  A phantom (D:4)
  A lemure (D:4)
  Blork the orc (D:5)
  A gnoll sergeant (D:8)
  2 scorpions
  2 necrophages (D:4)
  2 bullfrogs (D:6)
  Dowan (D:6)
  12 wights
  3 killer bees (D:9)
  3 howler monkeys (D:8)
  3 hounds
  2 gnoll boudas
  2 jellies
  3 orc priests
  A hell rat (Sewer)
  5 iguanas
  Natasha (thrice) (D:2)
  5 orc wizards
  12 mummies
  13 gnolls
  6 adders
  2 white imps (D:7)
  A worm (D:4)
  2 dart slugs (D:1)
  14 orcs
  5 ball pythons
  8 endoplasms
  4 giant cockroaches
  9 goblins
  8 hobgoblins
  6 kobolds
  5 quokkas
  2 bats (D:1)
  A frilled lizard (D:2)
  4 gnoll skeletons (Ossuary)
  2 goblin skeletons (Ossuary)
  A hobgoblin zombie (D:8)
  A kobold skeleton (Ossuary)
  A kobold zombie (D:8)
  An orc skeleton (Ossuary)
  11 rats
  11 rat skeletons (Ossuary)
209 creatures vanquished.

Vanquished Creatures (others)
  5 dream sheep (D:5)
  2 fungi (D:5)
7 creatures vanquished.

Grand Total: 216 creatures vanquished

Notes
Turn   | Place    | Note
-------+----------+-------------------------------------------
     0 | D:1      | Ivernyr the Octopode Transmuter began the quest for the
                  | Orb.
     0 | D:1      | Reached XP level 1. HP: 13/13 MP: 3/3
   134 | D:1      | Found a faded altar of an unknown god.
   350 | D:1      | Reached XP level 2. HP: 15/18 MP: 5/5
  1064 | D:2      | Learned a level 2 spell: Wereblood
  1082 | D:2      | Reached XP level 3. HP: 23/23 MP: 6/6
  1086 | D:2      | Learned a level 3 spell: Spider Form
  1142 | D:2      | Noticed Natasha
  1156 | D:2      | Killed Natasha
  1386 | D:2      | Reached XP level 4. HP: 18/29 MP: 4/8
  1409 | D:2      | Noticed Natasha
  1437 | D:2      | Killed Natasha
  1443 | D:2      | Reached XP level 5. HP: 28/34 MP: 4/9
  1626 | D:2      | Noticed Natasha
  1644 | D:2      | Killed Natasha
  1926 | D:2      | You fall into a shaft and drop 2 floors!
  2001 | D:4      | Noticed an ogre
  2017 | D:4      | Reached skill level 3 in Transmutations
  2025 | D:4      | Killed an ogre
  2026 | D:4      | Reached XP level 6. HP: 41/41 MP: 3/12
  2732 | D:3      | Found a glowing drain.
  2770 | Sewer    | Entered a sewer
  3668 | D:4      | Noticed a black bear
  3679 | D:4      | Killed a black bear
  3680 | D:4      | Reached XP level 7. HP: 39/46 MP: 9/13
  3755 | D:4      | Reached skill level 4 in Transmutations
  4871 | D:4      | Reached skill level 5 in Transmutations
  4871 | D:4      | Reached XP level 8. HP: 40/54 MP: 12/15
  4892 | D:4      | Reached skill level 5 in Unarmed Combat
  4892 | D:4      | Reached skill level 5 in Spellcasting
  5050 | D:5      | Entered Level 5 of the Dungeon
  5050 | D:5      | Noticed Blork the orc
  5072 | D:5      | Killed Blork the orc
  5304 | D:5      | Noticed Pikel
  5416 | D:5      | Killed Pikel
  5417 | D:5      | Reached skill level 6 in Transmutations
  5417 | D:5      | Reached XP level 9. HP: 56/60 MP: 13/17
  5444 | D:5      | Learned a level 4 spell: Ice Form
  5448 | D:5      | Learned a level 3 spell: Ozocubu's Armour
  5551 | D:5      | Reached skill level 5 in Fighting
  5638 | D:5      | Found a shimmering altar of Xom.
  5698 | D:5      | Found an ancient bone altar of Kikubaaqudgha.
  5698 | D:5      | Found a broken altar of Ashenzari.
  5698 | D:5      | Found an iron altar of Okawaru.
  5776 | D:5      | Reached skill level 7 in Transmutations
  5952 | D:5      | Found a white marble altar of Elyvilon.
  6225 | D:5      | Noticed Eustachio
  6244 | D:5      | Killed Eustachio
  7036 | D:6      | Noticed Dowan
  7038 | D:6      | Noticed Duvessa
  7062 | D:6      | Killed Duvessa
  7063 | D:6      | Reached skill level 8 in Transmutations
  7079 | D:6      | Killed Dowan
  7283 | D:6      | Found an ornate altar of the Wu Jian Council.
  7871 | D:7      | Found a glowing silver altar of Zin.
  8148 | D:7      | Reached XP level 10. HP: 56/67 MP: 15/19
  8515 | D:7      | Noticed Menkaure
  8528 | D:7      | Killed Menkaure
  8752 | D:7      | Found a staircase to the Ecumenical Temple.
  8766 | D:7      | Reached skill level 9 in Transmutations
  8787 | Temple   | Entered the Ecumenical Temple
  8803 | D:7      | Noticed a two-headed ogre
  8812 | D:7      | Killed a two-headed ogre
  8826 | D:7      | Found the +6 shillelagh "Devastator" {shatter}
  8829 | D:7      | Noticed a gargoyle
  8830 | D:7      | Noticed a two-headed ogre
  9154 | D:7      | Killed a two-headed ogre
  9321 | D:7      | Found a shimmering blue altar of Sif Muna.
  9331 | D:7      | Killed a gargoyle
  9396 | D:7      | Found a radiant altar of Vehumet.
  9761 | D:8      | Found a sand-covered staircase.
  9769 | Ossuary  | Entered an ossuary
 10063 | D:8      | Noticed Erica
 10237 | D:8      | Reached skill level 10 in Transmutations
 10658 | D:8      | Killed Erica
 10659 | D:8      | Reached skill level 1 in Ice Magic
 10659 | D:8      | Reached XP level 11. HP: 66/75 MP: 14/22
 11082 | D:8      | Learned a level 3 spell: Frozen Ramparts
 11629 | D:9      | Found a snail-covered altar of Cheibriados.
 11639 | D:9      | Became a worshipper of Cheibriados the Contemplative
 11768 | D:9      | Mangled by a troll

Illustrated notes

Levels and vault maps discovered:
D:1:      saegor_arrival_miasma, layout_basic,
          dreamdust_ecumenical_altar_statues, kennysheep_small_spiral
D:2:      layout_loops_cross, corner_web_ring, minivault_14, uniq_natasha
D:3:      layout_basic, portal_sewer_entry_f
D:4:      layout_basic
D:5:      layout_loops_corners, kb_xom_exploding_sheep,
          mainiacjoe_overflow_chevrons,
          chequers_temple_overflow_statue_of_worship, serial_aquarium,
          aquarium_bridge_long_separate [aquarium_subvault_bridge,
          aquarium_subvault_window, aquarium_subvault_bridge,
          aquarium_subvault_window, aquarium_subvault_window,
          aquarium_subvault_bridge], aquarium_bridge_square
          [aquarium_subvault_bridge, aquarium_subvault_bridge,
          aquarium_subvault_bridge, aquarium_subvault_bridge],
          aquarium_window_1, aquarium_window_corner, aquarium_window_2,
          aquarium_view_2d, aquarium_view_2b, uniq_eustachio,
          uniq_blork_the_orc, uniq_pikel
D:6:      layout_gridville, mainiacjoe_overflow_six_doors_small, uniq_duvessa
D:7:      layout_cave_pools, mainiacjoe_overflow_alcove_2,
          nicolae_sif_muna_little_library, nicolae_vehumet_altar_sigil,
          minmay_temple_entry_statues_fountains,
          dilly_guarded_unrand_devastator, uniq_menkaure
D:8:      layout_basic, nicolae_ossuary_entry_giza, serial_co_window_serial,
          co_window_paths_a, co_window_paths_a, co_window_corner_a,
          co_window_paths_a, co_window_corner_a, co_window_corner_cb,
          co_window_unsneaky_path_b, co_window_of_opportunity_c,
          co_window_cross_2, co_window_broadway_b, co_window_sun,
          glass_columns_c, uniq_erica
D:9:      layout_basic, nicolae_overflow_hidden_temple, lemuel_crystal_altar,
          nicolae_dithmenos_through_a_glass_darkly, lair_entry_dummy
Temple:   hellmonk_temple_micro_hex

Skill      XL: |  1  2  3  4  5  6  7  8  9 10 11 |
---------------+----------------------------------+-----
Spellcasting   | 3 4 5 6 7 |  7.7
Fighting       | 2 3 4 6 7 |  7.5
Transmutations | 3 5 6 8 10 | 10.2
Unarmed Combat | 4 5 6 8 |  8.1
Ice Magic      | 1 2 |  2.0
Dodging        | |  2.0
Invocations    | |  0.7

Action                   |  1- 3 |  4- 6 |  7- 9 | 10-12 || total
-------------------------+-------+-------+-------+-------++-------
Melee: Unarmed           |    52 |   116 |   243 |   219 ||   630
       Constrict         |    13 |    24 |    16 |    18 ||    71
       Tentacles         |     8 |    21 |    26 |    24 ||    79
       Kick              |     3 |    24 |    18 |    26 ||    71
       Punch             |     2 |     3 |     8 |     2 ||    15
 Cast: Beastly Appendage |     2 |     8 |     6 |     5 ||    21
       Spider Form       |     2 |     1 |    21 |     7 ||    31
       Wereblood         |       |     5 |     5 |    10 ||    20
       Ozocubu's Armour  |       |       |       |    10 ||    10
       Ice Form          |       |       |       |     9 ||     9
       Frozen Ramparts   |       |       |       |     4 ||     4
  Use: Scroll            |       |       |    10 |     4 ||    14
 Stab: Sleeping          |     5 |     6 |     4 |     4 ||    19
       Distracted        |       |       |     1 |       ||     1
Armor: Skin              |       |     3 |     8 |    15 ||    26
Dodge: Dodged            |    15 |    84 |   221 |   160 ||   480
